AoeStats
← Accor

Arena

509990573Analyzed
4v4 RM · 4d ago on Sep 28, 2026· 39m 29s· 8 players
Game mode
Random Map
Map size
Large (8 player)
Population
200
Speed
Normal
Resources
Standard
Victory
Conquest
Starting age
Dark Age
Ending age
Imperial Age
RankedLock teamsTeams togetherTeam positionsShared explorationLock speedFull tech treeHidden civsTurbo modeCheats
Victory
Defeat
🇨🇴 Lithuanians · Colombia
1114
+15
1081
+16
🇨🇴 Burgundians · Colombia
1060
+17
🇬🇧 Mongols · United Kingdom
1005
+18
🇦🇷 Vikings · Argentina
1124
-18
🇧🇷 Cumans · Brazil
1072
-16
🇦🇷 Koreans · Argentina
1069
-16
🇧🇷 Byzantines · Brazil
1054
-16
Bruno MIRANDA
13:20 Feudal Age
15:16 Double-Bit Axe
24:16 Horse Collar
26:57 Castle Age
Mknolix
10:51 Feudal Age
14:32 Castle Age
13:13 Double-Bit Axe
13:15 Loom
16:12 Bow Saw
23:27 Scale Mail Armor
23:26 Horse Collar
24:41 Squires
26:55 Arson
27:26 Chain Mail Armor
30:42 Imperial Age
28:33 Gold Mining
29:10 Forging
30:35 Chieftains
31:43 Gold Shaft Mining
30:47 Elite Varangian Guard
32:10 Plate Mail Armor
35:29 Iron Casting
36:19 Conscription
38:07 Siege Engineers
Luftwaffe
12:09 Feudal Age
12:46 Double-Bit Axe
12:43 Horse Collar
19:09 Castle Age
20:23 Wheelbarrow
20:53 Heavy Plow
21:06 Bow Saw
22:05 Hand Cart
25:59 Gold Mining
26:02 Stone Mining
32:37 Imperial Age
30:30 Fletching
31:38 Gold Shaft Mining
31:50 Stone Shaft Mining
31:57 Ballistics
32:02 Bodkin Arrow
33:15 Fortified Wall
32:56 Heated Shot
33:21 Masonry
34:34 Chemistry
33:25 Heated Shot
36:47 Two-Man Saw
hcmiranda2203
10:25 Feudal Age
11:06 Double-Bit Axe
16:08 Man-at-Arms
16:55 Arson
18:19 Forging
18:42 Scale Barding Armor
18:40 Scale Mail Armor
24:23 Castle Age
22:09 Loom
26:54 Wheelbarrow
26:10 Horse Collar
26:18 Light Cavalry
27:02 Husbandry
31:00 Scale Barding Armor
35:21 Imperial Age
34:29 Pikeman
35:10 Squires
36:13 Fletching
36:55 Gold Mining
36:55 Stone Mining
38:18 Halberdier
Mata Ovejas
9:03 Loom
10:59 Feudal Age
12:08 Loom
15:23 Castle Age
13:42 Horse Collar
30:31 Redemption
30:44 Redemption
32:13 Wheelbarrow
31:24 Town Watch
35:06 Heavy Plow
36:31 Fletching
36:42 Padded Archer Armor
DeadpanFox71524
7:57 Double-Bit Axe
12:53 Feudal Age
12:50 Horse Collar
17:55 Castle Age
17:02 Bow Saw
19:22 Wheelbarrow
18:29 Light Cavalry
19:20 Heavy Plow
23:37 Husbandry
24:00 Town Watch
24:01 Loom
25:35 Cavalier
27:38 Hand Cart
28:24 Gold Mining
29:56 Forging
29:52 Scale Barding Armor
31:37 Town Patrol
32:20 Crop Rotation
32:55 Two-Man Saw
35:18 Imperial Age
33:49 Fletching
34:34 Iron Casting
34:20 Chain Barding Armor
37:08 Chemistry
36:29 Ballistics
35:58 Hussar
37:59 Blast Furnace
36:55 Bodkin Arrow
37:01 Padded Archer Armor
37:37 Plate Barding Armor
投降输一半 行不行?
10:40 Feudal Age
14:43 Castle Age
13:09 Double-Bit Axe
13:20 Horse Collar
16:00 Bow Saw
23:57 Wheelbarrow
25:26 Stone Mining
25:26 Gold Mining
26:21 Heavy Plow
27:02 Hand Cart
26:32 Loom
28:19 Town Watch
29:30 Gold Shaft Mining
31:56 Imperial Age
29:34 Scale Barding Armor
29:41 Forging
29:36 Marauders
30:09 Bloodlines
30:00 Husbandry
30:54 Ballistics
30:30 Murder Holes
30:05 Light Cavalry
31:22 Chain Barding Armor
31:40 Iron Casting
31:18 Masonry
31:37 Fletching
32:58 Conscription
32:00 Elite Tarkan
33:19 Plate Barding Armor
33:46 Blast Furnace
34:11 Two-Man Saw
34:19 Chemistry
37:22 Bodkin Arrow
Accor
9:28 Feudal Age
10:43 Horse Collar
15:29 Castle Age
14:46 Loom
15:13 Double-Bit Axe
17:05 Forging
18:24 Stone Mining
19:19 Scale Mail Armor
20:50 Bow Saw
24:18 Wheelbarrow
25:49 Padded Archer Armor
25:42 Fletching
26:33 Heavy Plow
26:27 Gold Mining
29:28 Imperial Age
27:23 Ballistics
28:13 Bodkin Arrow
28:34 Leather Archer Armor
29:54 Thumb Ring
30:36 Conscription
31:53 Chemistry
30:57 Bracer
31:39 Drill
31:53 Onager
35:09 Parthian Tactics
35:26 Siege Onager
37:31 Siege Onager
Connection lost

Rejoining the realm…

Still unreachable

The connection could not be restored.

Session expired

The server has moved on; the page needs a fresh start.